 Dungeon Crawl Stone Soup version 0.29-a0-344-ge2f44be95a (webtiles) character file.

Game seed: 10129348339765957017

331 spaghetti the Sneak (level 6, -1/28 HPs)
             Began as a Vine Stalker Earth Elementalist on Apr 22, 2022.
             Killed by divine providence
             ... invoked by an orc priest
              (12 damage)
             ... on level 4 of the Dungeon.
             The game lasted 00:05:46 (3226 turns).

spaghetti the Sneak (VSEE)                          Turns: 3226, Time: 00:05:47

Health: -1/28      AC:  3    Str: 10    XL:     6   Next: 51%
Magic:  0/10       EV: 13    Int: 17    God:
Gold:   136        SH:  0    Dex: 15    Spells: 8/9 levels left

rFire   . . .      SeeInvis .   h - +1 hand axe (vamp) {axe}
rCold   . . .      Faith    .   (no shield)
rNeg    . . .      Spirit   +   b - +0 robe
rPois   .          Reflect  .   i - +0 helmet
rElec   .          Harm     .   (no cloak)
rCorr   .          Rampage  .   (no gloves)
Will    .....                   (no boots)
Stlth   +++.......              (no amulet)
HPRegen 0.89/turn               (no ring)
MPRegen 0.12/turn               (no ring)

@: no status effects
A: fangs 2, regeneration 1, magic shield, antimagic bite, no potion heal 2
a: no special abilities


You were on level 4 of the Dungeon.
You visited 1 branch of the dungeon, and saw 4 of its levels.

You collected 136 gold pieces.


Innate Abilities, Weirdness & Mutations

You have extremely sharp teeth.
Your natural rate of healing is unusually fast.
When hurt, damage is shared between your health and your magic reserves.
Your bite disrupts and absorbs the magic of your enemies.
Potions cannot restore your health.


   Skills:
 + Level 1.6 Axes
 * Level 3.0 Dodging
 * Level 5.4 Stealth
 - Level 2.1 Spellcasting
 - Level 1.0 Transmutations
 * Level 4.5 Earth Magic


You had 8 spell levels left.
You knew the following spells:

 Your Spells              Type           Power      Damage    Failure   Level
a - Sandblast             Erth           34%        2d9       3%          1

Your spell library contained the following spells:

 Spells                   Type           Power      Damage    Failure   Level
 Passwall                 Tmut/Erth      9%         N/A       10%         2
 Foxfire                  Conj/Fire      4%         2x1d4     19%         1
 Stone Arrow              Conj/Erth      18%        3d8       22%         3
 Conjure Flame            Conj/Fire      1%         6-21      50%         3
 Inner Flame              Hex/Fire       1%         N/A       50%         3
 Petrify                  Tmut/Erth      11%        N/A       52%         4
 Flame Wave               Conj/Fire      1%         2d4       88%         4

Inventory:

Hand Weapons
 f - a +0 whip {mace}
   (You took it off a kobold on level 1 of the Dungeon)
 g - a +0 spear {polearm}
   (You took it off a gnoll on level 1 of the Dungeon)
 h - a +1 vampiric hand axe (weapon) {axe}
   (You found it on level 1 of the Dungeon)
 r - a +0 triple sword {longrare=g}
   (You found it on level 3 of the Dungeon)
Missiles
 a - 44 stones (quivered) {throwing}
 d - a boomerang {throwing}
 j - 2 poisoned darts {throwing}
 t - 4 atropa-tipped darts {throwing}
Armour
 b - a +0 robe (worn)
 i - a +0 helmet (worn)
   (You found it on level 1 of the Dungeon)
 v - a +0 cloak
   (You found it on level 3 of the Dungeon)
Wands
 p - a wand of acid (3)
   (You found it on level 2 of the Dungeon)
Scrolls
 k - a scroll of vulnerability {!r!r}
 l - 3 scrolls of teleportation {@r4}
 m - a scroll of immolation {!r!r}
 n - 2 scrolls of magic mapping {!r}
 o - 2 scrolls of noise {!r}
 w - 2 scrolls of fear
Potions
 c - 2 potions of magic
 e - 3 potions of flight {unknown}
 q - 2 potions of attraction {unknown}
 s - a potion of might {unknown}
 u - a potion of cancellation {unknown}

Dungeon Overview and Level Annotations

Branches:
Dungeon (4/15)
 Temple: D:4-7

Altars:
Gozag
Trog

Shops:
D:2 =

Annotations:
D:3 1 runed translucent door, Antichthon's ghost, amateur NaWr

..... .(.. ..... ?..
.....####.( ###+
...(.....(##### #...
..........#...#######...
........(.#...##...##...
......))o.#....+........
#..@..#...##...##...
#.....#...##...##...
#.....#........#..^.
#.....'...##...##...
#.....#...#######...
#######...# #...
#....#....# ###'#
#....##...# #....
##...##...# +....


You could see an orc priest.


Message History

a - 50 stones {throwing} The orc priest casts a cantrip, but nothing happens.
The orc wizard closely misses you. 😕 HP[+1] MP[-1]
You lost 1 mp, and now have 8/10 mp.
Casting: Sandblast (safe; 3% risk of failure)
Confirm with . or Enter, or press ? or * to list all spells.
Aiming: Sandblast (safe; 3% risk of failure)
Press: ? - help, Shift-Dir - straight line, f/p - orc wizard
Aim: an orc wizard, wielding a +0 dagger and wearing a +0 robe (74% to hit)
The blast of sand hits the orc wizard.
a - 49 stones {throwing} The orc priest closely misses you.
The orc wizard gestures at you while chanting.
The puff of flame misses you. 😎 HP[+1] MP[-1]
Your hp is fully restored (28).
You lost 1 mp, and now have 7/10 mp.
Casting: Sandblast (safe; 3% risk of failure)
Confirm with . or Enter, or press ? or * to list all spells.
Aiming: Sandblast (safe; 3% risk of failure)
Press: ? - help, Shift-Dir - straight line, f/p - orc wizard
Aim: an orc wizard, wielding a +0 dagger and wearing a +0 robe (moderately wounded, 74% to hit)
The blast of sand hits the orc wizard!
a - 48 stones {throwing} The orc priest invokes the aid of Beogh against you.
You struggle to resist.
The orc wizard hits you with a +0 dagger. 😕 HP[-2] MP[-1]
You take 2 damage, and now have 26/28 hp.
You lost 1 mp, and now have 6/10 mp.
Casting: Sandblast (safe; 3% risk of failure)
Confirm with . or Enter, or press ? or * to list all spells.
Aiming: Sandblast (safe; 3% risk of failure)
Press: ? - help, Shift-Dir - straight line, f/p - orc wizard
Aim: an orc wizard, wielding a +0 dagger and wearing a +0 robe (almost dead, 74% to hit)
The blast of sand misses the orc wizard.
a - 47 stones {throwing} The orc priest closely misses you.
The orc wizard casts a spell at you.
The magic dart hits you! 😮 HP[-7] MP[-2]
You take 7 damage, and now have 19/28 hp.
MASSIVE DAMAGE!! (PAUSE)
You lost 2 mp, and now have 4/10 mp.
Casting: Sandblast (safe; 3% risk of failure)
Confirm with . or Enter, or press ? or * to list all spells.
Aiming: Sandblast (safe; 3% risk of failure)
Press: ? - help, Shift-Dir - straight line, f/p - orc wizard
Aim: an orc wizard, wielding a +0 dagger and wearing a +0 robe (almost dead, 74% to hit)
The blast of sand hits the orc wizard but does no damage.
a - 46 stones {throwing} The orc priest misses you.
The orc wizard hits you but does no damage. 😮 HP[+1] MP[-1]
You lost 1 mp, and now have 3/10 mp.
Casting: Sandblast (safe; 3% risk of failure)
Confirm with . or Enter, or press ? or * to list all spells.
Aiming: Sandblast (safe; 3% risk of failure)
Press: ? - help, Shift-Dir - straight line, f/p - orc wizard
Aim: an orc wizard, wielding a +0 dagger and wearing a +0 robe (almost dead, 74% to hit)
The blast of sand hits the orc wizard.
a - 45 stones {throwing} The orc priest hits you with a +0 hand axe.
The orc wizard closely misses you. 😮 MP[-1]
You lost 1 mp, and now have 2/10 mp.
Casting: Sandblast (safe; 3% risk of failure)
Confirm with . or Enter, or press ? or * to list all spells.
Aiming: Sandblast (safe; 3% risk of failure)
Press: ? - help, Shift-Dir - straight line, f/p - orc wizard
Aim: an orc wizard, wielding a +0 dagger and wearing a +0 robe (almost dead, 74% to hit)
The blast of sand hits the orc wizard!
You kill the orc wizard!
a - 44 stones {throwing} The orc priest calls down the wrath of Beogh upon you.
Beogh smites you!
* * * LOW HITPOINT WARNING * * *
😨 HP[-9] MP[-2]
You take 9 damage, and now have 11/28 hp.
MASSIVE DAMAGE!! (PAUSE)
You lost 2 mp, and now have 0/10 mp.
Unknown command.
Okay, then.
You hit the orc priest but do no damage.
Your bite misses the orc priest.
The orc priest hits you with a +0 hand axe.
* * * LOW HITPOINT WARNING * * *
😨 MP[+1]
You hit the orc priest but do no damage.
You bite the orc priest, but do no damage.
The orc priest hits you with a +0 hand axe.
* * * LOW HITPOINT WARNING * * *
😨 HP[-1] MP[-1]
You take 1 damage, and now have 10/28 hp.
You lost 1 mp, and now have 0/10 mp.
You closely miss the orc priest. You bite the orc priest. You drain its power.
You feel invigorated.
The orc priest mumbles some strange prayers to Beogh against you.
Beogh smites you!
You die...

Skill      XL: |  1  2  3  4  5  6 |
---------------+-------------------+-----
Stealth        | 3 4 5 |  5.4
Dodging        | 2 3 |  3.0
Axes           | 1 |  1.6
Earth Magic    | 4 |  4.5
Spellcasting   | |  2.1
Transmutations | |  1.0

Action                   |  1- 3 |  4- 6 || total
-------------------------+-------+-------++-------
Melee: Unarmed           |     6 |       ||     6
       Bite              |    17 |    40 ||    57
       Hand axe          |    46 |   147 ||   193
       Punch             |     1 |       ||     1
Throw: Stone             |    70 |   103 ||   173
       Dart              |       |     1 ||     1
 Cast: Sandblast         |    16 |    25 ||    41
Evoke: Wand              |       |     1 ||     1
  Use: Scroll            |       |     6 ||     6
 Stab: Sleeping          |       |     1 ||     1
Armor: Robe              |    27 |    34 ||    61
Dodge: Dodged            |    33 |   117 ||   150

Levels and vault maps discovered:
D:1:      minmay_arrival_loop, layout_basic
D:2:      layout_rooms, basic_altar, serial_shops, shop, st_stairs_4
D:3:      minmay_recursive_quarters, layout_basic, mainiacjoe_overflow_chevrons,
          ebering_ghost_reflecting_pool
D:4:      layout_gridville

Notes
Turn   | Place    | Note
-------+----------+-------------------------------------------
     0 | D:1      | spaghetti the Vine Stalker Earth Elementalist began the
                  | quest for the Orb.
     0 | D:1      | Reached XP level 1. HP: 9/9 MP: 4/4
     0 | D:1      | magus.rc [v1.9.6]
   185 | D:1      | Reached skill level 3 in Stealth
   185 | D:1      | Reached XP level 2. HP: 10/13 MP: 0/6
   452 | D:1      | Reached XP level 3. HP: 16/16 MP: 7/7
  1057 | D:2      | Reached skill level 4 in Stealth
  1178 | D:2      | Found an opulent altar of Gozag.
  1212 | D:2      | Reached skill level 2 in Dodging
  1212 | D:2      | Gained mutation: Your natural rate of healing is unusually
                  | fast. [Vine Stalker growth]
  1212 | D:2      | Reached XP level 4. HP: 12/21 MP: 4/8
  1329 | D:2      | Found Deirchuwn's Jewellery Boutique.
  1451 | D:2      | You pick up a book of Flames and begin reading...
  1451 | D:2      | You add the spells Foxfire, Conjure Flame, Inner Flame and
                  | Flame Wave to your library.
  1750 | D:3      | Found a runed translucent door.
  1754 | D:3      | Noticed Antichthon's ghost (amateur NaWr)
  1839 | D:3      | r - a +0 triple sword {longrare=g}
  1855 | D:3      | Found a bloodstained altar of Trog.
  1919 | D:3      | Reached skill level 1 in Axes
  1919 | D:3      | Reached XP level 5. HP: 19/24 MP: 9/9
  2069 | D:3      | Reached skill level 4 in Earth Magic
  2327 | D:3      | Noticed a phantom
  2345 | D:3      | Killed a phantom
  2346 | D:3      | Reached skill level 5 in Stealth
  2346 | D:3      | Reached XP level 6. HP: 17/28 MP: 1/10
  3152 | D:4      | Reached skill level 3 in Dodging
  3226 | D:4      | Killed from afar by an orc priest

Vanquished Creatures
  A phantom (D:3)
  A jelly (D:4)
  2 orc wizards
  A gnoll (D:1)
  8 adders
  3 dart slugs
  5 orcs
  6 ball pythons
  3 endoplasms
  10 giant cockroaches
  7 goblins
  5 hobgoblins
  3 jackals (D:3)
  4 quokkas
  4 bats
  5 frilled lizards
  9 kobolds
  8 rats
85 creatures vanquished.

Table legend:
 A = Non-vault XP
 B = Vault XP
 C = Vault XP percentage of total XP
 D = Non-vault monster count
 E = Vault monster count
 F = Vault count percentage of total count
                 A         B        C        D         E       F
            +---------+---------+-------+---------+---------+-------
      Total |     426 |      47 |   9.9 |      73 |      12 |  14.1
            +---------+---------+-------+---------+---------+-------
        D:1 |      57 |       0 |   0.0 |      26 |       0 |   0.0
        D:2 |      68 |       2 |   2.9 |      18 |       2 |  10.0
        D:3 |     200 |      45 |  18.4 |      22 |      10 |  31.2
        D:4 |     101 |       0 |   0.0 |       7 |       0 |   0.0
            +---------+---------+-------+---------+---------+-------

Illustrated notes

Table legend:
 A = Kills in this place as a percentage of kills in entire the game.
 B = Kills by you in this place as a percentage of kills by you in the entire game.
 C = Kills by friends in this place as a percentage of kills by friends in the entire game.
 D = Other kills in this place as a percentage of other kills in the entire game.
 E = Experience gained in this place as a percentage of experience gained in the entire game.
 F = Experience gained in this place divided by the number of levels of this place that you have seen.
                   A       B       C       D       E      F
               +-------+-------+-------+-------+-------+----------------------
         Total | 100.0 | 100.0 |   N/A |   N/A | 100.0 | 118.2
       Dungeon | 100.0 | 100.0 |   N/A |   N/A | 100.0 | 118.2
               +-------+-------+-------+-------+-------+----------------------

Table legend: (Time is in decaauts)
 A = Elapsed time spent in this place.
 B = Non-inter-level travel time spent in this place.
 C = Inter-level travel time spent in this place.
 D = Time resting spent in this place.
 E = Time spent auto-exploring this place.
 F = Levels seen in this place.
 G = Mean time per level.
                   A        B        C        D        E       F      G
               +--------+--------+--------+--------+--------+-----+--------+
         Total |   3289 |   3142 |    147 |      7 |   2463 |   4 |  822.2 |
       Dungeon |   3289 |   3142 |    147 |      7 |   2463 |   4 |  822.2 |
               +--------+--------+--------+--------+--------+-----+--------+

Top non-repeatable levels by time:
     D:3: 1292 daAuts
     D:1: 1066 daAuts
     D:2: 657 daAuts
     D:4: 272 daAuts
